 Dungeon Crawl Stone Soup version 0.20.1-1-g8b1a95d (webtiles) character file.

399 tidbits the Grave Robber (level 6, -6/45 HPs)
             Began as a Demigod Necromancer on Aug 23, 2017.
             Mangled by Edmund
             ... wielding a +3 dire flail of draining
              (7 damage)
             ... on level 5 of the Dungeon.
             The game lasted 00:12:58 (1057 turns).

tidbits the Grave Robber (Demigod Necromancer)      Turns: 1057, Time: 00:12:59

Health: -6/45      AC:  2    Str: 11    XL:     6   Next: 28%
Magic:  12/14      EV: 12    Int: 23    God:
Gold:   81         SH:  0    Dex: 16    Spells: 3/11 levels left

rFire    . . .     SeeInvis .   a - +0 broad axe (vamp)
rCold    . . .     Gourm    .   (no shield)
rNeg     . . .     Faith    .   B - +0 robe
rPois    +         Spirit   .   (no helmet)
rElec    .         Reflect  .   (no cloak)
rCorr    .         Harm     +   (no gloves)
MR       .....                  (no boots)
Stlth    ++........             i - amulet of harm
Regen    1.2/turn               P - ring of poison resistance
MPRegen  0.2/turn               (no ring)

@: regenerating, drained
A: high mp 1
a: no special abilities


You were on level 5 of the Dungeon.
You were not hungry.

You visited 1 branch of the dungeon, and saw 6 of its levels.

You collected 81 gold pieces.

Inventory:

Hand Weapons
 a - a +0 vampiric broad axe (weapon)
   (You found it on level 5 of the Dungeon)
 j - a +0 mace of draining
   (You found it on level 1 of the Dungeon)
 s - a +0 spear
 v - a +0 hunting sling
 z - a +5 trident of venom
   (You found it on level 2 of the Dungeon)
Missiles
 e - 20 arrows
 w - 10 sling bullets
Armour
 f - a +0 ring mail
 k - a cursed +0 ring mail
 u - a +0 leather armour
 B - a +0 robe (worn)
Jewellery
 i - an amulet of harm (around neck)
   (You found it on level 1 of the Dungeon)
 o - a cursed amulet of inaccuracy {unknown}
   (You found it on level 3 of the Dungeon)
 P - a ring of poison resistance (left hand)
   (You found it on level 1 of the Dungeon)
Scrolls
 h - a scroll of identify {unknown}
 r - 3 scrolls of remove curse
 t - 3 scrolls of teleportation
 y - a scroll of enchant armour {unknown}
Potions
 g - a potion of brilliance {unknown}
 l - a potion of mutation {unknown}
 n - 2 potions of haste {unknown}
 p - a potion of might {unknown}
 q - a potion of curing {unknown}
 x - a potion of magic {unknown}
Books
 b - a book of Necromancy

   Spells                             Type                      Level
   a - Pain                           Necromancy                   1
   b - Animate Skeleton               Necromancy                   1
   c - Vampiric Draining              Necromancy                   3
   d - Regeneration                   Charms/Necromancy            3
   e - Animate Dead                   Necromancy                   4
   f - Control Undead                 Necromancy                   4
Comestibles
 d - a chunk of flesh
 m - 3 meat rations


   Skills:
 - Level 1.7(1.3) Dodging
 - Level 1.7(1.3) Stealth
 + Level 3.4(3.0) Spellcasting
 * Level 6.4(6.0) Necromancy


You had 3 spell levels left.
You knew the following spells:

 Your Spells              Type           Power        Failure   Level  Hunger
n - Animate Skeleton      Necr           N/A          1%          1    None
r - Regeneration          Chrm/Necr      ###.......   10%         3    ###....
v - Vampiric Draining     Necr           ####......   3%          3    ###....
z - Pain                  Necr           ####         1%          1    None


Dungeon Overview and Level Annotations

Branches:
Dungeon (6/15)
 Temple: D:4-7

Annotations:
D:5 Edmund


Innate Abilities, Weirdness & Mutations

You have an increased reservoir of magic. (+10% MP)


Message History

Eat one of 2 chunks of flesh? (ye/n/q)
You eat one of the 2 chunks of flesh.
This raw flesh tastes terrible.
Your skin is crawling a little less now.
You open the door.
There is an open door here.
You open the door.
Your skin stops crawling.
You open the door.
There is an open door here.
You swap places.
There is a stone staircase leading down here.
You climb downwards.
Your mindless thrall stays behind.
You hear the sound of rushing water.
There is an entrance to a sewer on this level.
Hurry and find it before the portal rusts away!
There is a stone staircase leading up here.
As you read the scroll labeled DIPNAI WEHYM, it crumbles to dust.
It is a scroll of enchant weapon.
Your +2 trident of venom glows red for a moment.
As you read the scroll of enchant weapon, it crumbles to dust.
Your +3 trident of venom glows red for a moment.
As you read the scroll of enchant weapon, it crumbles to dust.
Your +4 trident of venom glows red for a moment.
Found a stone staircase leading up.
Found 19 gold pieces.
Found a stone staircase leading up.
You now have 81 gold pieces (gained 19).
There is a stone staircase leading up here.
HP restored.
You climb upwards.
Found a glowing broad axe.
There is a stone staircase leading down here.
You see here a glowing broad axe.
z - a glowing broad axe Wield which item (- for none, * to show all)? (? for menu, Esc to quit)
This weapon is vampiric, and you must be Full or above to equip it.
z - a vampiric broad axe
Okay, then.
You eat the bread ration.
That bread ration really hit the spot!
Wield which item (- for none, * to show all)? (? for menu, Esc to quit)
Really wield
z - a vampiric broad axe?
Your +5 trident of venom stops dripping with poison.
You feel a dreadful hunger.
z - a +0 vampiric broad axe (weapon)
Adjust (i)tems, (s)pells, or (a)bilities?
Adjust which item? (? for menu, Esc to quit)
z - a +0 vampiric broad axe (weapon)
Adjust to which letter? (? for menu, Esc to quit)
a - a +0 vampiric broad axe (weapon);
z - a +5 trident of venom You open the door.
There is an open door here.
You open the door.
A phantom comes into view.
There is an open door here.
You miss the phantom. The phantom closely misses you.
The phantom hits you but does no damage.
You miss the phantom. The phantom barely misses you.
You closely miss the phantom.
The phantom hits you but does no damage.
The phantom hits you.
You slash the phantom!
The phantom is moderately damaged.
The phantom hits you.
The phantom blinks!
You hit the phantom.
The phantom is moderately damaged.
The phantom hits you!
The phantom blinks!
You closely miss the phantom.
The phantom is moderately damaged.
The phantom hits you!
* * * LOW HITPOINT WARNING * * *
The phantom misses you.
You closely miss the phantom.
The phantom is moderately damaged.
The phantom barely misses you.
You closely miss the phantom.
The phantom is moderately damaged.
The phantom hits you.
* * * LOW HITPOINT WARNING * * *
The phantom hits you.
* * * LOW HITPOINT WARNING * * *
The phantom blinks!
The phantom blinks!
Edmund the Younger comes into view.
He is wielding a dire flail of draining.
Edmund shouts!
The phantom completely misses you.
Your orc skeleton hits the phantom with a whip.
The phantom hits your orc skeleton!
Your orc skeleton is destroyed!
Casting: Regeneration
Confirm with . or Enter, or press ? or * to list all spells.
Your skin crawls.
As you open the door, it creaks loudly! The phantom misses you.
There is an open door here.
Edmund says, "Everyone always remembers my brother. 'Who's Edmund?' they ask!"
The phantom blinks!
The phantom blinks!
You closely miss Edmund.
Edmund hits you with a dire flail of draining!
* * * LOW HITPOINT WARNING * * *
You feel drained.
You die...

#... #.....# .. #... #.....# ..
#..# ###+###########.....#
####..#######...................#
#...........#..............)....#
#...........+....................
##....###'###....................
##....##....#..>.@...######......
.#..........#...@##ยง## #......
.#...)......'....#...# #......
#####'####..#....#..## #......
.....)...####....#..# ......
.........# #W...#### ......
.........# #....#..# ......
.........# #....#..#######......
##'#.....# #....'..#............
...#.....# #...)#..#............


You could see Edmund and a phantom.

Vanquished Creatures
  A sky beast (D:5)
  An ogre (D:5)
  An orc wizard (D:5)
  2 worker ants
  2 adders (D:3)
  A dart slug (D:1)
  2 leopard geckos
  8 orcs
  8 goblins
  2 hobgoblins
  4 kobolds
  4 bats
  2 rats
38 creatures vanquished.

Vanquished Creatures (collateral kills)
  An ogre (D:3)
  5 goblins
  A rat (D:1)
7 creatures vanquished.

Grand Total: 45 creatures vanquished

Notes
Turn   | Place    | Note
-------+----------+-------------------------------------------
     0 | D:1      | tidbits the Demigod Necromancer began the quest for the Orb.
     0 | D:1      | Reached XP level 1. HP: 14/14 MP: 5/5
     2 | D:1      | Learned a level 1 spell: Animate Skeleton
   158 | D:1      | Reached skill level 4 in Necromancy
   158 | D:1      | Reached XP level 2. HP: 19/20 MP: 4/7
   190 | D:1      | Reached skill level 2 in Spellcasting
   406 | D:3      | Reached XP level 3. HP: 20/26 MP: 2/8
   411 | D:3      | Learned a level 3 spell: Vampiric Draining
   505 | D:3      | Noticed an ogre
   544 | D:3      | Killed an ogre
   544 | D:3      | Reached skill level 5 in Necromancy
   544 | D:3      | Reached XP level 4. HP: 12/33 MP: 8/10
   561 | D:3      | Learned a level 3 spell: Regeneration
   722 | D:3      | Reached XP level 5. HP: 20/38 MP: 4/11
   812 | D:5      | Entered Level 5 of the Dungeon
   865 | D:5      | Noticed an ogre
   871 | D:5      | Killed an ogre
   871 | D:5      | Reached skill level 3 in Spellcasting
   871 | D:5      | Reached skill level 6 in Necromancy
   926 | D:5      | Noticed a sky beast
   934 | D:5      | Killed a sky beast
   934 | D:5      | Reached XP level 6. HP: 18/45 MP: 6/14
  1041 | D:5      | Noticed Edmund
  1057 | D:5      | HP: 1/45 [Edmund/dire flail of draining (19)]
  1057 | D:5      | Mangled by Edmund

Skill      XL: |  1  2  3  4  5 |
---------------+----------------+-----
Necromancy     | 4 5 6 |  6.4
Spellcasting   | 2 3 |  3.4
Dodging        | |  1.7
Stealth        | |  1.7

Action                   |  1- 3 |  4- 6 || total
-------------------------+-------+-------++-------
Melee: Spear             |    61 |     2 ||    63
       Trident           |       |    38 ||    38
       Broad axe         |       |     9 ||     9
 Cast: Pain              |    12 |    11 ||    23
       Animate Skeleton  |     5 |     4 ||     9
       Vampiric Draining |     1 |     6 ||     7
       Regeneration      |       |     4 ||     4
  Use: Scroll            |     2 |     3 ||     5
 Stab: Sleeping          |     1 |       ||     1
  Eat: Chunk             |       |     2 ||     2
       Bread ration      |       |     1 ||     1
Armor: Robe              |     7 |     6 ||    13
Dodge: Dodged            |    31 |    31 ||    62

Table legend:
 A = Turns spent in this place as a percentage of turns spent in the entire game.
 B = Non-inter-level travel turns spent in this place as a percentage of non-inter-level travel turns spent in the entire game.
 C = Inter-level travel turns spent in this place as a percentage of turns spent in this place.
 D = Turns resting spent in this place as a percentage of non-inter-level travel turns spent in this place.
 E = Turns spent auto-exploring this place as a percentage of non-inter-level travel turns spent in this place.
 F = Non-inter-level travel turns spent in this place divided by the number of levels of this place that you've seen.
                   A       B       C       D       E      F
               +-------+-------+-------+-------+-------+----------------------
         Total | 100.0 | 100.0 |   0.1 |   0.0 |   0.0 | 172.3
       Dungeon | 100.0 | 100.0 |   0.1 |   0.0 |   0.0 | 172.3
               +-------+-------+-------+-------+-------+----------------------

Table legend:
 A = Kills in this place as a percentage of kills in entire the game.
 B = Kills by you in this place as a percentage of kills by you in the entire game.
 C = Kills by friends in this place as a percentage of kills by friends in the entire game.
 D = Other kills in this place as a percentage of other kills in the entire game.
 E = Experience gained in this place as a percentage of experience gained in the entire game.
 F = Experience gained in this place divided by the number of levels of this place that you have seen.
                   A       B       C       D       E      F
               +-------+-------+-------+-------+-------+----------------------
         Total | 100.0 | 100.0 | 100.0 |  -nan | 100.0 |  95.2
       Dungeon | 100.0 | 100.0 | 100.0 |  -nan | 100.0 |  95.2
               +-------+-------+-------+-------+-------+----------------------

Vault maps used:
D:1:      minmay_arrival_stair_chambers
D:2:      lemuel_round_altar, first_bread, kennysheep_small_spiral,
          uniq_crazy_yiuf_cottage
D:3:      amethyst_killhole, minmay_ogre_servants
D:4:      uniq_pikel
D:5:      uniq_edmund, uniq_duvessa
D:6:      temple_pool_b, serial_shops, shop, portal_sewer_entry_b, basic_altar,
          minmay_misc_feat_rugged, uniq_sigmund
